 Dungeon Crawl Stone Soup version 0.21.1-1-g345015f (webtiles) character file.

249 Mirai the Conjurer (level 5, -4/28 HPs)
             Began as a Deep Elf Conjurer on Mar 16, 2018.
             Slain by Grinder (7 damage)
             ... on level 4 of the Dungeon.
             The game lasted 00:10:20 (2387 turns).

Mirai the Conjurer (Deep Elf Conjurer)              Turns: 2387, Time: 00:10:22

Health: -4/28      AC:  3    Str:  5    XL:     5   Next: 86%
Magic:  1/14       EV: 14    Int: 21    God:
Gold:   142        SH:  0    Dex: 15    Spells: 10/13 levels left

rFire    . . .     SeeInvis .   g - +1 flail
rCold    . . .     Gourm    .   (no shield)
rNeg     . . .     Faith    .   a - +0 robe
rPois    .         Spirit   .   o - +0 helmet
rElec    .         Reflect  .   (no cloak)
rCorr    .         Harm     .   (no gloves)
MR       +....                  (no boots)
Stlth    +.........             (no amulet)
HPRegen  0.09/turn              j - ring of protection from magic
MPRegen  0.14/turn              q - ring of loudness (curse)

@: hasted, very quick
A: no striking features
a: no special abilities


You were on level 4 of the Dungeon.
You were hungry.

You visited 1 branch of the dungeon, and saw 4 of its levels.

You collected 142 gold pieces.

Inventory:

Hand Weapons
 g - a +1 flail (weapon)
Armour
 a - a +0 robe (worn)
 n - a +0 scale mail
 o - a +0 helmet (worn)
Jewellery
 j - a ring of protection from magic (left hand)
 q - a cursed ring of loudness (right hand)
Wands
 f - a wand of iceblast (5)
Scrolls
 e - a scroll of enchant weapon
 h - a scroll of fog {unknown}
 m - 4 scrolls of identify
 s - a scroll of remove curse {unknown}
 t - a scroll of amnesia
Potions
 d - a potion of might {unknown}
 k - 2 potions of curing {unknown}
 r - a potion of degeneration {unknown}
Books
 b - a book of Conjurations

   Spells                             Type                      Level
   a - Magic Dart                     Conjuration                  1
   b - Searing Ray                    Conjuration                  2
   c - Dazzling Spray                 Conjuration/Hexes            3
   d - Fulminant Prism                Conjuration/Hexes            4
   e - Force Lance                    Conjuration/Translocation    4
   f - Iskenderun's Mystic Blast      Conjuration                  4
Comestibles
 c - 7 rations


   Skills:
 + Level 0.5 Fighting
 - Level 0.6 Maces & Flails
 + Level 3.6 Dodging
 + Level 3.2 Stealth
 + Level 4.9 Spellcasting
 + Level 6.1 Conjurations


You had 10 spell levels left.
You knew the following spells:

 Your Spells              Type           Power        Failure   Level  Hunger
a - Magic Dart            Conj           ####         1%          1    None
b - Searing Ray           Conj           ####..       1%          2    None


Dungeon Overview and Level Annotations

Branches:
Dungeon (4/15)
 Temple: D:4-7

Altars:
Zin

Annotations:
D:4 Grinder


Message History

Press: ? - help, Shift-Dir - straight line, f/p - Grinder
Aim: Grinder (moderately wounded)
The searing ray hits Grinder.
Grinder is heavily wounded. (Press . to maintain the ray.)
The searing ray hits Grinder.
Grinder is heavily wounded.
Grinder hits you but does no damage.
The searing ray hits Grinder.
Grinder is severely wounded.
Grinder hits you!
* * * LOW HITPOINT WARNING * * *
You writhe in agony.
* * * LOW HITPOINT WARNING * * *
The searing ray misses Grinder.
You finish channeling your searing ray.
Grinder gestures at you. You resist with almost no effort.
Unknown command.
You feel yourself speed up. Grinder hits you!
You die...

#..# #)<# #..#
#5.# #).# #..#.#
#..#.# ####).#.#
#@5...#.#
#.###.#.#
#.#...#.####
#.###.#....######
#..........'...(#
#####.#....####.#
#.#.#...<#
#.#.#.####
#.#.#.#


You could see Grinder.

Vanquished Creatures
  A scorpion (D:2)
  An orc wizard (D:3)
  Ijyb (D:2)
  5 gnolls
  An adder (D:3)
  A worm (D:2)
  2 dart slugs
  4 leopard geckos
  7 orcs (D:3)
  2 ball pythons
  5 giant cockroaches
  11 goblins
  5 hobgoblins
  6 jackals (D:1)
  3 kobolds
  A quokka (D:3)
  5 bats
  4 frilled lizards
  A quokka skeleton (D:4)
  5 rats
71 creatures vanquished.

Notes
Turn   | Place    | Note
-------+----------+-------------------------------------------
     0 | D:1      | Mirai the Deep Elf Conjurer began the quest for the Orb.
     0 | D:1      | Reached XP level 1. HP: 10/10 MP: 6/6
    32 | D:1      | Reached XP level 2. HP: 15/15 MP: 0/8
   168 | D:1      | Reached skill level 5 in Conjurations
   340 | D:1      | Learned a level 2 spell: Searing Ray
   357 | D:1      | Reached XP level 3. HP: 19/19 MP: 6/9
  1049 | D:2      | Found a glowing silver altar of Zin.
  1050 | D:2      | Noticed a scorpion
  1058 | D:2      | Killed a scorpion
  1058 | D:2      | Reached XP level 4. HP: 17/24 MP: 0/12
  1377 | D:2      | Noticed Ijyb
  1402 | D:2      | Killed Ijyb
  1402 | D:2      | Reached XP level 5. HP: 18/28 MP: 1/13
  1541 | D:2      | Found a faded altar of an unknown god.
  1826 | D:3      | HP: 1/28 [orc/club (4)]
  2364 | D:4      | Reached skill level 6 in Conjurations
  2368 | D:4      | Noticed Grinder
  2387 | D:4      | Slain by Grinder

Skill      XL: |  1  2  3  4  5 |
---------------+----------------+-----
Conjurations   | 5 6 |  6.1
Dodging        | 3 |  3.6
Stealth        | 3 |  3.2
Spellcasting   | 4 |  4.9
Fighting       | |  0.5
Maces & Flails | |  0.6

Action                   |  1- 3 |  4- 6 || total
-------------------------+-------+-------++-------
Melee: Flail             |     8 |    33 ||    41
 Cast: Magic Dart        |    56 |    27 ||    83
       Searing Ray       |    12 |    24 ||    36
Evoke: Wand              |       |     2 ||     2
  Use: Scroll            |       |     5 ||     5
       Potion            |       |     5 ||     5
  Eat: Chunk             |     1 |     3 ||     4
Armor: Robe              |    10 |     7 ||    17
       Skin              |       |    17 ||    17
Dodge: Dodged            |    44 |    49 ||    93
